 Dungeon Crawl Stone Soup version 0.17-a0-1460-g8163d8a (webtiles) character file.

133 Cryogen the Slasher (level 4, -1/39 HPs)
             Began as a Minotaur Fighter on June 30, 2015.
             Slain by Sigmund
             ... wielding a +0 scythe
              (3 damage)
             ... on level 3 of the Dungeon.
             The game lasted 00:06:48 (1169 turns).

Cryogen the Slasher (Minotaur Fighter)              Turns: 1169, Time: 00:06:48

Health: -1/39      AC:  8    Str: 25    XL:     4   Next: 94%
Magic:  12/12      EV:  8    Int:  5    God:
Gold:   45         SH: 10    Dex: 11    Spells: 0 memorised, 3 levels left

rFire  . . .     SeeInvis .     a - +0 long sword
rCold  . . .     Clarity  .     b - +0 scale mail
rNeg   . . .     SustAt   .     c - +0 shield
rPois  .         Gourm    .     (helmet restricted)
rElec  .         Spirit   .     n - +0 cloak
rCorr  .         Warding  .     (no gloves)
rMut   .         Stasis   .     (no boots)
MR     .....                    (no amulet)
Stlth  ..........               (no ring)
                                l - ring of magical power

@: mighty, not resistant to hostile enchantments, extremely unstealthy
A: retaliatory headbutt, horns 2
a: no special abilities


You were on level 3 of the Dungeon.
You were very hungry.

You visited 1 branch of the dungeon, and saw 3 of its levels.

You collected 45 gold pieces.

Inventory:

Hand weapons
 a - a +0 long sword (weapon)
Armour
 b - a +0 scale mail (worn)
 c - a +0 shield (worn)
 n - a +0 cloak (worn)
Jewellery
 l - a ring of magical power (left hand)
Magical devices
 p - a wand of digging (4)
 r - a wand of magic darts (18)
Scrolls
 f - a scroll of enchant weapon {unknown}
 h - 2 scrolls of recharging {unknown}
 i - a scroll of blinking {unknown}
 j - a scroll of enchant armour {unknown}
 k - a scroll of fog {unknown}
 o - a scroll of amnesia {unknown}
 q - a scroll of identify {unknown}
Potions
 g - a potion of mutation {unknown}
 m - a potion of degeneration {unknown}
Comestibles
 e - 2 bread rations


   Skills:
 - Level 3.6 Fighting
 * Level 5.3 Long Blades
 - Level 3.6 Armour
 + Level 2.5 Dodging
 - Level 3.6 Shields


You had 3 spell levels left.
You didn't know any spells.

Dungeon Overview and Level Annotations

Branches:
Dungeon (3/15)

Altars:
Ashenzari

Annotations:
D:3 Sigmund


Innate Abilities, Weirdness & Mutations

You reflexively headbutt those who attack you in melee.
You have a pair of horns on your head.


Message History

You bump into the rock wall.
Sigmund casts a spell at you. The puff of flame hits you!
You closely miss Sigmund. You headbutt Sigmund!
Sigmund is almost dead.
Sigmund gestures at you while chanting. The puff of flame hits you!
* * * LOW HITPOINT WARNING * * *
Sigmund barely misses you.
Sigmund points at you and mumbles some strange words.
The magic dart hits you!
* * * LOW HITPOINT WARNING * * *
You bump into the rock wall.
Sigmund closely misses you.
You bump into the rock wall.
You feel less confused. You block Sigmund's attack.
You closely miss Sigmund.
Sigmund is severely wounded.
Sigmund hits you with a scythe.
You die...

#.# #####..###### #.# #..#
#.# #..# #####.# #..#
#.....# ########..#
#.##### #....†....# #.#
#.#######.# #.#
##.#######.# #.#
#.@@.......#
#.#############..#########
.................#
#.........#####..#
#########.# #..# # #..# #
#..# # .... # ....


You could see Sigmund.

Vanquished Creatures
  Ijyb (D:2)
  Natasha (thrice) (D:2)
  Robin (D:3)
  An adder (D:3)
  3 worms
  2 giant geckos
  2 ball pythons
  3 bats
  A giant cockroach (D:1)
  7 hobgoblins
  2 giant newts
  11 goblins
  2 kobolds
  3 rats
42 creatures vanquished.

Notes
Turn   | Place    | Note
--------------------------------------------------------------
     0 | D:1      | Cryogen the Minotaur Fighter began the quest for the Orb.
     0 | D:1      | Reached XP level 1. HP: 19/19 MP: 0/0
   183 | D:1      | Reached XP level 2. HP: 20/26 MP: 1/1
   554 | D:2      | Found a shattered altar of Ashenzari.
   586 | D:2      | Noticed Natasha
   592 | D:2      | Killed Natasha
   592 | D:2      | Reached skill level 4 in Long Blades
   592 | D:2      | Reached skill level 1 in Dodging
   592 | D:2      | Reached XP level 3. HP: 23/31 MP: 2/2
   693 | D:2      | Noticed Ijyb
   707 | D:2      | Killed Ijyb
   707 | D:2      | Reached XP level 4. HP: 36/39 MP: 3/3
   851 | D:2      | Noticed Natasha
   857 | D:2      | Killed Natasha
   882 | D:2      | Noticed Natasha
   895 | D:2      | Killed Natasha
   995 | D:3      | Noticed Robin
   999 | D:3      | Reached skill level 5 in Long Blades
  1010 | D:3      | Killed Robin
  1149 | D:3      | Noticed Sigmund
  1165 | D:3      | HP: 1/39 [Sigmund/magic dart (4)]
  1169 | D:3      | Slain by Sigmund

Vault maps used:
D:1:      sevenhm_arrival_forest_fort_small_6
D:2:      ashenzari_conservatory_becter, uniq_natasha, uniq_iyjb
D:3:      uniq_sigmund, uniq_robin, uniq_crazy_yiuf_cottage

Action                   |  1- 3 |  4- 6 || total
-------------------------+-------+-------++-------
Melee: Long sword        |    64 |    58 ||   122
  Use: Potion            |       |     1 ||     1
